 Dungeon Sprint DCSS version 0.28.0-47-ge53b351184 (webtiles) character file.

Game seed: 11396579303057379716

6800000 Groucho the Intangible (level 23, -3/153 HPs)
             Began as a Spriggan Abyssal Knight on Apr 29, 2022.
             Was the Champion of Makhleb.
             Killed from afar by a dread (36 damage)
             ... with damnation
             ... in the Dungeon (Sprint VIII: "Arena of Blood").
             The game lasted 00:04:25 (68 turns).

Groucho the Intangible (Spriggan Abyssal Knight)      Turns: 68, Time: 00:04:26

Health: -3/153     AC:  4    Str:  9    XL:     23   Next: 26%
Magic:  25/55      EV: 49    Int: 13    God:    Makhleb [******]
Gold:   0          SH:  0    Dex: 25    Spells: 76/76 levels left

rFire   . . .      SeeInvis +   i - +∞ Axe of Woe
rCold   . . .      Faith    .   (shield currently unavailable)
rNeg    . . .      Spirit   .   b - +0 robe
rPois   .          Reflect  .   (helmet restricted)
rElec   .          Harm     .   (no cloak)
rCorr   .          Rampage  .   (gloves unavailable)
Will    ++++.      NoTele   +   (boots unavailable)
Stlth   ++........              (no amulet)
HPRegen 0.35/turn               (no ring)
MPRegen 0.34/turn               (no ring)

@: very quick
A: very small, no large weapons, unfitting armour, see invisible, speed 3
a: Renounce Religion, Minor Destruction, Lesser Servant of Makhleb, Major
Destruction, Greater Servant of Makhleb


You were in the Dungeon.
You worshipped Makhleb.
Makhleb was exalted by your worship.
You visited 1 branch

Inventory:

Hand Weapons
 a - a +1 hand axe
 i - the +∞ Axe of Woe (weapon)
   (You found it in the Dungeon)
Armour
 b - a +0 robe (worn)
Jewellery
 j - a +30 ring of slaying
Scrolls
 h - a scroll of blinking
Potions
 c - a potion of curing
 e - a potion of haste
 f - 2 potions of magic
 g - a potion of berserk rage


   Skills:
 O Level 27 Fighting
 + Level 7.1(8.5) Short Blades
 + Level 5.3(6.4) Long Blades
 O Level 27 Axes
 O Level 27 Maces & Flails
 O Level 27 Polearms
 O Level 27 Staves
 O Level 27 Armour
 O Level 27 Dodging
 O Level 27 Unarmed Combat
 O Level 27 Spellcasting
 O Level 27 Invocations


You had 76 spell levels left.
You didn't know any spells.
Your spell library was empty.

Dungeon Overview and Level Annotations

Branches:
Dungeon (1/1)

Altars:
Makhleb


Innate Abilities, Weirdness & Mutations

You are very small and have problems with some larger weapons.
You are too small for most types of armour.
You have supernaturally acute eyesight. (SInv)
You cover ground extremely quickly. (Speed+++)


Message History

You hear a shout!
You have mastered Staves!
You need to enable at least one skill for training.
Your base Short Blades skill gained 5 levels and is now at level 5!
Your base Long Blades skill gained 4 levels and is now at level 4!
You have reached level 23!
Unknown command.
You slice the bag of meat!!
You pulverise the bag of meat into a thin bloody mist.
You kill the bag of meat!
Makhleb accepts your kill.
You feel better.
The meat berserker appears out of thin air!
A meat berserker comes into view. It is wielding a +9 battleaxe.
The meat berserker shouts!
You hear a shout! x7
A bag of meat comes into view. It is wielding a +9 war axe.
The tyrant casts a spell.
Send 'em back where they came from!
Your green death shudders.
You hear a shout! x2
The tyrant waves its bony arms in wide circles.
The air twists around and strikes you!!
* * * LOW HITPOINT WARNING * * *
A bag of meat comes into view. It is wielding a +9 war axe.
You hear a shout!
An accursed comes into view.
You hear a shout! x3
The accursed is engulfed in blazing flames.
The accursed gestures at you while chanting.
Something smites you!
* * * LOW HITPOINT WARNING * * *
You hear a shout!
Your base Short Blades skill gained 2 levels and is now at level 7!
Your base Long Blades skill increases to level 5! 2 bags of meat and a meat berserker come into view.
The bag of meat shouts!
The meat berserker shouts!
You hear a shout! x3
Your green death completely misses the tyrant.
The dread throws damnation at you.
The sphere of damnation explodes!
The damnation engulfs you!!!
You die...

z.§..§.X. #...
o.o# . #... Lo.#
O ..###.X.
XX.###..
......###oX....
......_°X....
#.O☼§)# #_L2@§#
#XM§°)#
.X.MXW_§§°oOO...
.....M###....o.o.
..###...
...###O.o . #o..
...# .. #.......#
......... ......


You could see 3 accurseds, a tentacled monstrosity (summoned), a tyrant (fast,
ally target), 7 large abominations, a dread, 3 meat berserkers, 6 bags of meat
and a friendly green death (summoned).

Vanquished Creatures
  A royal mummy (D)
  A wraith (D)
  Harold (D)
  6 vampire knights (D)
  13 ogres (D)
  7 two-headed ogres (D)
  A lich (D)
  22 orcs (D)
  2 skeletal warriors (D)
54 creatures vanquished.

Notes
Turn   | Place    | Note
-------+----------+-------------------------------------------
     0 | D        | Found the +∞ Axe of Woe
     0 | D        | Groucho the Spriggan Abyssal Knight began the quest for the
                  | Orb.
     0 | D        | Reached XP level 1. HP: 11/11 MP: 3/3
     3 | D        | Fell from the grace of Lugonu
     3 | D        | Became a worshipper of Makhleb the Destroyer
     5 | D        | Noticed a bag of meat
     5 | D        | Noticed a bag of meat
     6 | D        | Noticed a bag of meat
     6 | D        | Noticed a bag of meat
     6 | D        | Noticed a bag of meat
     7 | D        | Noticed a meat berserker
     7 | D        | Noticed a bag of meat
     9 | D        | Killed a meat berserker
     9 | D        | Noticed a bag of meat
     9 | D        | Noticed a bag of meat
    10 | D        | Reached XP level 2. HP: 16/16 MP: 4/4
    10 | D        | Reached XP level 3. HP: 19/19 MP: 5/5
    10 | D        | Reached XP level 4. HP: 23/23 MP: 6/6
    10 | D        | Reached XP level 5. HP: 27/27 MP: 7/7
    10 | D        | Reached XP level 6. HP: 32/32 MP: 8/8
    10 | D        | Reached XP level 7. HP: 35/35 MP: 9/9
    10 | D        | Reached XP level 8. HP: 39/39 MP: 10/10
    10 | D        | Reached XP level 9. HP: 43/43 MP: 11/11
    10 | D        | Reached XP level 10. HP: 47/47 MP: 12/12
    10 | D        | Reached XP level 11. HP: 51/51 MP: 13/13
    10 | D        | Killed a bag of meat
    10 | D        | Reached * piety under Makhleb
    11 | D        | Reached skill level 27 in Dodging
    11 | D        | Reached XP level 12. HP: 56/56 MP: 14/14
    14 | D        | Killed a bag of meat
    14 | D        | Killed a bag of meat
    14 | D        | Noticed a bag of meat
    15 | D        | Reached XP level 13. HP: 59/59 MP: 15/15
    15 | D        | Killed a bag of meat
    15 | D        | Reached ** piety under Makhleb
    15 | D        | Killed a bag of meat
    15 | D        | Noticed a bag of meat
    16 | D        | Reached XP level 14. HP: 63/63 MP: 16/16
    16 | D        | Killed a bag of meat
    17 | D        | Reached skill level 27 in Axes
    17 | D        | Noticed a bag of meat
    18 | D        | Noticed a meat berserker
    18 | D        | Killed a bag of meat
    18 | D        | Reached *** piety under Makhleb
    18 | D        | Killed a bag of meat
    20 | D        | Killed a meat berserker
    21 | D        | Reached XP level 15. HP: 88/88 MP: 16/28
    21 | D        | Noticed a large bag of meat
    22 | D        | Reached **** piety under Makhleb
    23 | D        | Reached skill level 15 in Fighting
    23 | D        | Noticed a meat berserker
    25 | D        | Killed a large bag of meat
    25 | D        | Noticed a meat berserker
    26 | D        | Reached XP level 16. HP: 58/101 MP: 17/31
    27 | D        | Noticed a large bag of meat
    28 | D        | Noticed a meat berserker
    28 | D        | Noticed a large bag of meat
    30 | D        | Killed a meat berserker
    30 | D        | Reached ***** piety under Makhleb
    32 | D        | Killed a meat berserker
    32 | D        | Noticed a destroyer
    33 | D        | Noticed a destroyer
    34 | D        | Killed a meat berserker
    35 | D        | Reached skill level 27 in Invocations
    35 | D        | Reached XP level 17. HP: 118/118 MP: 18/35
    36 | D        | Reached skill level 27 in Fighting
    36 | D        | Noticed a destroyer
    37 | D        | Killed a large bag of meat
    38 | D        | Killed a large bag of meat
    38 | D        | Noticed The Servant
    40 | D        | Noticed a meat berserker
    40 | D        | Noticed a meat berserker
    40 | D        | Noticed a sculptor of flesh
    41 | D        | Killed a destroyer
    41 | D        | Noticed a meat berserker
    41 | D        | Noticed a destroyer
    42 | D        | Reached skill level 15 in Armour
    42 | D        | Reached XP level 18. HP: 23/127 MP: 19/36
    42 | D        | Noticed a large bag of meat
    43 | D        | Killed a meat berserker
    43 | D        | Reached ****** piety under Makhleb
    43 | D        | Noticed a meat berserker
    43 | D        | Noticed a large bag of meat
    44 | D        | Killed a destroyer
    45 | D        | Reached XP level 19. HP: 131/132 MP: 20/37
    45 | D        | Killed a meat berserker
    45 | D        | Killed a destroyer
    45 | D        | Noticed a destroyer
    46 | D        | Killed a meat berserker
    46 | D        | Noticed a large bag of meat
    47 | D        | Reached skill level 27 in Unarmed Combat
    47 | D        | Noticed a meat berserker
    48 | D        | Killed a destroyer
    49 | D        | Reached skill level 27 in Armour
    50 | D        | Killed a large bag of meat
    50 | D        | Killed The Servant
    50 | D        | Noticed a meat berserker
    51 | D        | Reached XP level 20. HP: 87/137 MP: 21/43
    52 | D        | Killed a large bag of meat
    52 | D        | Killed a meat berserker
    52 | D        | Noticed a meat berserker
    52 | D        | Noticed a large bag of meat
    54 | D        | Reached XP level 21. HP: 108/142 MP: 22/50
    54 | D        | Killed a destroyer
    54 | D        | Noticed a tyrant
    55 | D        | Reached skill level 27 in Spellcasting
    55 | D        | Noticed an accursed
    56 | D        | Killed a large bag of meat
    58 | D        | Noticed a tyrant
    59 | D        | Noticed an accursed
    60 | D        | Noticed a dread
    60 | D        | Noticed a tyrant
    60 | D        | Noticed a destroyer
    61 | D        | Reached XP level 22. HP: 73/148 MP: 23/54
    61 | D        | Killed a tyrant
    61 | D        | Killed a large bag of meat
    62 | D        | Reached skill level 27 in Maces & Flails
    62 | D        | Reached skill level 27 in Polearms
    63 | D        | Noticed an accursed
    64 | D        | Noticed a dread
    64 | D        | Killed a destroyer
    64 | D        | Killed an accursed
    66 | D        | Killed a dread
    67 | D        | Reached skill level 27 in Staves
    67 | D        | Reached skill level 5 in Short Blades
    67 | D        | Reached XP level 23. HP: 53/153 MP: 25/55
    67 | D        | Noticed an accursed
    68 | D        | Reached skill level 5 in Long Blades
    68 | D        | Killed from afar by a dread

Illustrated notes

Levels and vault maps discovered:
D:        meatsprint

Skill      XL: |  1  2  3  4  5  6  7  8  9 10 11 12 13 14 15 16 17 18 19 20 21 22 23 |
---------------+----------------------------------------------------------------------+-----
Axes           | 17 20 24 26 27 | 27.0
Dodging        | 26 27 | 27.0
Fighting       | 14 18 25 27 | 27.0
Invocations    | 17 21 27 | 27.0
Armour         | 15 21 27 | 27.0
Unarmed Combat | 16 23 27 | 27.0
Maces & Flails | 12 16 25 27 | 27.0
Polearms       | 12 16 25 27 | 27.0
Spellcasting   | 18 24 27 | 27.0
Staves         | 27 | 27.0
Short Blades   | 5 7 |  7.1
Long Blades    | 4 5 |  5.3

Action                   |  1- 3 |  4- 6 |  7- 9 | 10-12 | 13-15 | 16-18 | 19-21 | 22-24 || total
-------------------------+-------+-------+-------+-------+-------+-------+-------+-------++-------
Melee: Broad axe         |     1 |       |       |     2 |     7 |    10 |    12 |     5 ||    37
Invok: Greater Servant o |       |       |       |       |       |       |     1 |       ||     1
  Use: Potion            |       |       |       |       |       |     1 |       |       ||     1
